 Dungeon Crawl Stone Soup version 0.32-a0-859-gb0a091d592 (webtiles) character file.

Game seed: 463248406213124533

683 Azoth the Ruffian (level 7, -1/85 HPs)
             Began as a Demonspawn Shapeshifter on Mar 27, 2024.
             Slain by a goblin
             ... wielding a +0 club
              (3 damage)
             ... on level 4 of the Dungeon.
             The game lasted 00:07:19 (3386 turns).

Azoth the Ruffian (Demonspawn Shapeshifter)         Turns: 3386, Time: 00:07:19

Health: -1/85      AC: 23    Str: 16    XL:     7   Next: 35%
Magic:  7/7        EV:  2    Int: 10    God:
Gold:   265        SH:  0    Dex: 13    Spells: 6/6 levels left

rFire   . .          .
                       - Unarmed
rCold   . . .        (no shield)
rNeg    . . .        a - melded +1 animal skin
rPois   +            (helmet currently unavailable)
rElec   .            (cloak currently unavailable)
rCorr   +            (gloves currently unavailable)
SInv    +            (boots currently unavailable)
Will    .....        (no amulet)
Stlth   ++           p - ring of resist corrosion
HPRegen 0.34/turn    (no ring)
MPRegen 0.10/turn

%: no passive effects
@: tree-form, studying Hexes
A: stationary, stasis, torment immunity, boosted hp, (claws 1), (icy blue scales
1), foul stench 1, see invisible, robust 1
a: no special abilities


You were on level 4 of the Dungeon.
You were a tree.
You visited 1 branch of the dungeon, and saw 4 of its levels.

You collected 265 gold pieces.

Inventory:

Missiles
 i - 49 stones
Armour
 a - a +1 animal skin (melded)
 f - a +0 cloak
 r - a +0 pair of boots
Jewellery
 e - a ring of willpower
 p - a ring of resist corrosion (left branch)
Talismans
 c - a beast talisman (active)
 d - a flux talisman
Scrolls
 g - a scroll of noise
 j - 2 scrolls of teleportation {unknown}
Potions
 b - a potion of lignification
 h - a potion of haste


   Skills:
 * Level 3.3 Fighting
 + Level 1.5 Throwing
 + Level 3.7 Dodging
 + Level 1.0 Stealth
 + Level 5.4 Unarmed Combat
 + Level 3.5 Shapeshifting


You had 6 spell levels left.
You didn't know any spells.
Your spell library contained the following spells:

 Spells                   Type           Power      Damage    Failure   Level
 Ensorcelled Hibernation  Hex/Ice        0%         N/A       50%         2
 Fugue of the Fallen      Necr           0%         N/A       75%         3
 Hailstorm                Conj/Ice       0%         3d5       75%         3
 Ozocubu's Armour         Ice            0%         N/A       75%         3
 Passwall                 Erth           0%         N/A       75%         3
 Sigil of Binding         Hex            0%         N/A       75%         3
 Summon Ice Beast         Ice/Summ       0%         N/A       75%         3
 Volatile Blastmotes      Fire/Tloc      0%         2d10      75%         3
 Anguish                  Hex/Necr       0%         N/A       98%         4
 Vhi's Electric Charge    Tloc/Air       0%         N/A       98%         4
 Bombard                  Conj/Erth      0%         9d1       100%        6
 Death Channel            Necr           0%         N/A       100%        6
 Permafrost Eruption      Ice/Erth       0%         2x4d2     100%        6
 Sculpt Simulacrum        Ice/Alch       0%         N/A       100%        6
 Manifold Assault         Tloc           0%         N/A       100%        7


Dungeon Overview and Level Annotations

Branches:
Dungeon (4/15)
 Temple: D:4-7

Altars:
Ashenzari

Shops:
D:2 ?


Innate Abilities, Weirdness & Mutations

You are a tree.
Your roots penetrate the ground, keeping you stationary.
You cannot be teleported.
You are immune to unholy pain and torment.
Your maximum health is greatly increased.
Your equipment is partially melded.
((You have sharp fingernails.))
((You are partially covered in icy blue scales. (AC +2)))
You may rarely emit foul miasma when damaged in melee.
You have supernaturally acute eyesight. (SInv)
You are robust. (+10% HP)


Message History

The goblin hits you with a +0 club.
* * * LOW HITPOINT WARNING * * *
You claw the adder!
The adder is severely wounded.
The adder bites you but does no damage. The goblin barely misses you.
Unknown command.
You scratch the adder.
The adder is almost dead.
The adder bites you but does no damage. The adder bites you.
* * * LOW HITPOINT WARNING * * *
You are poisoned.
The adder poisons you!
You claw the adder!
You kill the adder!
You feel sick. The goblin hits you with a +0 club.
* * * LOW HITPOINT WARNING * * *
Unknown command.
Okay, then.
You scratch the orc.
The orc is heavily wounded.
You feel sick. The orc hits you with a +0 hand axe.
* * * LOW HITPOINT WARNING * * *
The goblin hits you with a +0 club.
* * * LOW HITPOINT WARNING * * *
Your transformation has ended.
You turn into a tree.
Your +1 animal skin melds into your body.
Your roots penetrate the ground.
You feel sick. The orc barely misses you.
The goblin hits you but does no damage.
You closely miss the orc.
The orc is heavily wounded.
You feel sick. The orc hits you but does no damage.
The goblin hits you but does no damage.
Unknown command.
You pummel the orc!!
You kill the orc!
You feel sick.
You are no longer poisoned.
The goblin hits you with a +0 club.
You die...

.......#.....
.##..........
.. ......#####
. ......## .#
.......## ..#
..##....## ##.#
.. ###...#
##((. .. #...##
#g)# .. ###..#
#♣# . #..# ##.#
##.# ###..##...
#.###..........
#..##.####.####
#..##.# ...
#.....# ...#
#.....# ...#
#......... ...


You could see a goblin.

Vanquished Creatures
  Sigmund (D:3)
  A scorpion (D:4)
  4 orc priests
  A jelly (D:4)
  Crazy Yiuf (D:3)
  Natasha (thrice) (D:3)
  3 orc wizards (D:4)
  7 adders
  A ribbon worm (D:3)
  15 orcs
  8 endoplasms
  3 giant cockroaches
  6 goblins
  4 hobgoblins
  2 jackals (D:4)
  9 kobolds
  3 quokkas
  5 ball pythons
  10 bats
  7 frilled lizards
  6 rats
100 creatures vanquished.

Notes
Turn   | Place    | Note
-------+----------+-------------------------------------------
     0 | D:1      | Azoth the Demonspawn Shapeshifter began the quest for the
                  | Orb.
     0 | D:1      | Reached XP level 1. HP: 15/15 MP: 1/1
   101 | D:1      | You fall into a shaft and drop 1 floor!
   103 | D:2      | Found Haeveb's Magic Scroll Shoppe.
   224 | D:1      | Gained mutation: You are partially covered in icy blue
                  | scales. (AC +2) [demonic ancestry]
   224 | D:1      | Reached XP level 2. HP: 16/21 MP: 2/2
   440 | D:1      | Reached skill level 3 in Unarmed Combat
  1089 | D:2      | Gained mutation: You may rarely emit foul miasma when
                  | damaged in melee. [demonic ancestry]
  1089 | D:2      | Reached XP level 3. HP: 20/26 MP: 3/3
  1546 | D:3      | Reached XP level 4. HP: 33/33 MP: 4/4
  1635 | D:3      | Reached skill level 1 in Throwing
  1865 | D:3      | Noticed Natasha
  1874 | D:3      | Killed Natasha
  1875 | D:3      | Reached XP level 5. HP: 23/38 MP: 5/5
  2032 | D:3      | Noticed Sigmund
  2231 | D:3      | Noticed Natasha
  2450 | D:3      | Gained mutation: You have supernaturally acute eyesight.
                  | (SInv) [potion of mutation]
  2450 | D:3      | Gained mutation: You are robust. (+10% HP) [potion of
                  | mutation]
  2461 | D:3      | Killed Sigmund
  2462 | D:3      | Reached skill level 4 in Unarmed Combat
  2462 | D:3      | Reached XP level 6. HP: 26/50 MP: 6/6
  2463 | D:3      | Killed Natasha
  2505 | D:3      | Noticed Natasha
  2512 | D:3      | Killed Natasha
  2588 | D:3      | Found a runed translucent door.
  2589 | D:3      | Noticed Crazy Yiuf
  2690 | D:3      | Killed Crazy Yiuf
  2823 | D:4      | Reached skill level 5 in Unarmed Combat
  2837 | D:4      | Reached skill level 1 in Stealth
  2837 | D:4      | Gained mutation: You have sharp fingernails. [demonic
                  | ancestry]
  2837 | D:4      | Reached XP level 7. HP: 14/57 MP: 7/7
  3133 | D:4      | Found a broken altar of Ashenzari.
  3383 | D:4      | HP: 2/57 [goblin/+0 club (3)]
  3386 | D:4      | Slain by a goblin

Illustrated notes

Levels and vault maps discovered:
D:1:      scummos_arrival_gate, layout_basic, minmay_misc_feat_ornament,
          minmay_pentomino_r2
D:2:      layout_rooms, serial_shops, shop, kennysheep_generic_room_12
D:3:      layout_rooms, uniq_sigmund, uniq_natasha, uniq_crazy_yiuf_cottage
D:4:      layout_rooms, mainiacjoe_overflow_big_doors, old_standard_altar,
          minmay_misc_feat_secret_circle, guppyfry_early_orc_mine

Skill      XL: |  1  2  3  4  5  6 |
---------------+-------------------+-----
Shapeshifting  | 3 |  3.5
Dodging        | 2 3 |  3.7
Unarmed Combat | 3 4 5 |  5.4
Throwing       | 1 |  1.5
Fighting       | 2 3 |  3.3
Stealth        | 1 |  1.0

Action                     |  1- 3 |  4- 6 |  7- 9 || total
---------------------------+-------+-------+-------++-------
  Melee: Unarmed           |   116 |   111 |    68 ||   295
         Punch             |     1 |     3 |     1 ||     5
  Throw: Javelin           |    10 |     4 |     6 ||    20
    Use: Scroll            |     3 |     3 |       ||     6
         Potion            |       |     8 |     1 ||     9
   Stab: Sleeping          |       |     1 |       ||     1
 Armour: Animal skin       |   100 |    76 |    40 ||   216
         Skin              |       |    62 |     4 ||    66
  Dodge: Dodged            |    72 |    50 |    41 ||   163

Table legend: (Time is in decaauts)
 A = Elapsed time spent in this place.
 B = Non-inter-level travel time spent in this place.
 C = Inter-level travel time spent in this place.
 D = Time resting spent in this place.
 E = Time spent auto-exploring this place.
 F = Levels seen in this place.
 G = Mean time per level.
                   A        B        C        D        E       F      G
               +--------+--------+--------+--------+--------+-----+--------+
         Total |   3376 |   3198 |    178 |    571 |   1769 |   4 |  844.0 |
       Dungeon |   3376 |   3198 |    178 |    571 |   1769 |   4 |  844.0 |
               +--------+--------+--------+--------+--------+-----+--------+

Top non-repeatable levels by time:
     D:1: 975 daAuts
     D:3: 901 daAuts
     D:2: 870 daAuts
     D:4: 628 daAuts
